[ AOE2 MATCH · #507119458 ]
UnrankedVikings vs Ethiopians
Player's team · WIN
[ REPLAY ANALYSIS · EXTRACTED FROM THE RECORDED GAME ]
Feudal
10:08
Castle
19:34
Imperial
34:02
| APM avg | 141.6 |
| APM peak | 264 |
| eAPM avg | 88.3 |
| Villagers / military | 109 / 79 |
Focus
⚔️ 80.6% · 🌾 19.4%
Archer ×41 · Skirmisher ×15 · Mangonel ×12 · Monk ×5 · Militia ×3 · Trebuchet (Packed) ×2
Feudal
9:28
Castle
20:04
Imperial
—
| APM avg | 61.4 |
| APM peak | 95 |
| eAPM avg | 27.7 |
| Villagers / military | 100 / 39 |
Focus
⚔️ 36.7% · 🌾 63.3%
Archer ×13 · Knight ×13 · Mangonel ×10 · Monk ×2 · Scout Cavalry ×1
Match map
Initial resources + every placement click. Lines = walls · curves = elevation contours. ◆ gold · ⬟ stone · ● berries · ✦ relic · ◌ wall gap
Your base· Open — opponent sealed themselves in
hK | Keno_'s base· ✓ Closed at 20:04 · 59t walls · no gate
Smoothed initial terrain · ◌ = detected wall gap · hover for details
Inputs per minute
— DS_StonePleaseAoE - - hK | Keno_
Build order — DS_StonePleaseAoE
First 150 of 338 actions detected
| 0:00 | Create | Villager (Male) |
| 0:00 | Create | Villager (Male) |
| 0:00 | Create | Villager (Male) |
| 0:01 | Create | Villager (Male) |
| 0:02 | Build | House |
| 0:04 | Build | House |
| 1:25 | Build | House |
| 1:29 | Create | Villager (Male) |
| 1:29 | Create | Villager (Male) |
| 1:57 | Create | Villager (Male) |
| 1:57 | Create | Villager (Male) |
| 2:19 | Create | Villager (Male) |
| 2:19 | Create | Villager (Male) |
| 2:44 | Build | Barracks |
| 2:49 | Create | Villager (Male) |
| 2:49 | Create | Villager (Male) |
| 3:15 | Create | Villager (Male) |
| 3:16 | Create | Villager (Male) |
| 3:35 | Build | House |
| 3:43 | Create | Militia |
| 4:03 | Create | Villager (Male) |
| 4:10 | Create | Militia |
| 4:17 | Build | House |
| 4:26 | Create | Villager (Male) |
| 4:35 | Create | Militia |
| 4:55 | Create | Villager (Male) |
| 5:16 | Create | Villager (Male) |
| 5:39 | Create | Villager (Male) |
| 6:03 | Create | Villager (Male) |
| 6:04 | Create | Villager (Male) |
| 6:17 | Build | Lumber Camp |
| 6:37 | Create | Villager (Male) |
| 7:08 | Create | Villager (Male) |
| 7:26 | Research | Loom |
| 7:57 | Research | Feudal Age |
| 7:58 | Research | Feudal Age |
| 8:16 | Build | Lumber Camp |
| 8:53 | Build | Mill |
| 9:00 | Create | Villager (Male) |
| 9:16 | Build | House |
| 9:46 | Build | Palisade Wall |
| 10:08 | Age | Feudal Age |
| 10:12 | Research | Double-Bit Axe |
| 10:15 | Create | Spearman |
| 10:22 | Build | Archery Range |
| 10:28 | Create | Villager (Male) |
| 10:38 | Build | Farm |
| 10:53 | Create | Villager (Male) |
| 10:54 | Build | Farm |
| 10:54 | Build | Farm |
| 10:54 | Build | Farm |
| 11:04 | Build | House |
| 11:17 | Create | Villager (Male) |
| 11:23 | Build | House |
| 11:24 | Create | Skirmisher |
| 11:27 | Create | Villager (Male) |
| 11:28 | Build | House |
| 11:46 | Create | Villager (Male) |
| 12:01 | Build | Farm |
| 12:02 | Create | Skirmisher |
| 12:10 | Create | Villager (Male) |
| 12:13 | Build | Palisade Wall |
| 12:25 | Create | Villager (Male) |
| 12:26 | Build | Farm |
| 12:27 | Build | Farm |
| 12:32 | Create | Skirmisher |
| 12:46 | Create | Villager (Male) |
| 12:48 | Create | Skirmisher |
| 12:58 | Create | Villager (Male) |
| 13:08 | Build | Farm |
| 13:11 | Create | Skirmisher |
| 13:19 | Build | Farm |
| 13:24 | Build | House |
| 13:43 | Create | Villager (Male) |
| 13:46 | Create | Skirmisher |
| 14:09 | Create | Villager (Male) |
| 14:12 | Build | Mining Camp |
| 14:32 | Build | Blacksmith |
| 14:46 | Build | Palisade Wall |
| 14:47 | Build | Palisade Wall |
| 14:49 | Build | House |
| 14:50 | Build | House |
| 14:51 | Create | Villager (Male) |
| 14:55 | Create | Skirmisher |
| 15:13 | Build | Farm |
| 15:16 | Research | Horse Collar |
| 15:16 | Research | Horse Collar |
| 15:21 | Create | Villager (Male) |
| 15:39 | Build | Farm |
| 15:45 | Build | House |
| 15:47 | Build | House |
| 15:55 | Create | Villager (Male) |
| 16:15 | Build | Palisade Gate |
| 16:26 | Create | Villager (Male) |
| 16:27 | Create | Skirmisher |
| 16:38 | Build | Archery Range |
| 16:54 | Research | Castle Age |
| 16:56 | Create | Skirmisher |
| 17:02 | Build | Farm |
| 17:23 | Research | Padded Archer Armor |
| 17:25 | Create | Skirmisher |
| 17:30 | Create | Archer |
| 17:32 | Build | House |
| 17:33 | Build | House |
| 17:46 | Build | Farm |
| 17:48 | Build | Farm |
| 17:51 | Build | Farm |
| 17:54 | Create | Skirmisher |
| 17:58 | Create | Archer |
| 17:59 | Research | Fletching |
| 18:16 | Create | Archer |
| 18:41 | Create | Archer |
| 19:04 | Create | Archer |
| 19:16 | Build | House |
| 19:20 | Create | Archer |
| 19:23 | Research | Gold Mining |
| 19:25 | Create | Villager (Male) |
| 19:34 | Age | Castle Age |
| 19:36 | Research | Elite Skirmisher (upgrade) |
| 19:39 | Create | Villager (Male) |
| 19:43 | Research | Bodkin Arrow |
| 19:43 | Research | Bodkin Arrow |
| 20:09 | Create | Villager (Male) |
| 20:24 | Research | Crossbowman (upgrade) |
| 20:24 | Research | Crossbowman (upgrade) |
| 20:24 | Research | Crossbowman (upgrade) |
| 20:24 | Research | Crossbowman (upgrade) |
| 20:31 | Create | Villager (Male) |
| 20:42 | Research | Bow Saw |
| 20:42 | Research | Bow Saw |
| 20:47 | Build | Monastery |
| 20:49 | Build | Monastery |
| 21:04 | Create | Villager (Male) |
| 21:07 | Create | Skirmisher |
| 21:07 | Create | Skirmisher |
| 21:14 | Build | House |
| 21:26 | Research | Leather Archer Armor |
| 21:27 | Create | Skirmisher |
| 21:32 | Build | House |
| 21:40 | Create | Villager (Male) |
| 21:40 | Create | Villager (Male) |
| 21:44 | Create | Archer |
| 21:45 | Create | Archer |
| 21:50 | Create | Monk |
| 21:54 | Build | Farm |
| 21:54 | Build | Farm |
| 21:56 | Create | Villager (Male) |
| 21:57 | Create | Villager (Male) |
| 22:14 | Create | Villager (Male) |
| 22:14 | Create | Villager (Male) |
Build order — hK | Keno_
First 150 of 250 actions detected
| 0:00 | Create | Villager (Male) |
| 0:00 | Create | Villager (Male) |
| 0:01 | Create | Villager (Male) |
| 0:01 | Create | Villager (Male) |
| 0:02 | Build | House |
| 0:03 | Build | House |
| 1:24 | Create | Villager (Male) |
| 1:24 | Create | Villager (Male) |
| 2:02 | Create | Villager (Male) |
| 2:02 | Create | Villager (Male) |
| 2:17 | Create | Villager (Male) |
| 2:17 | Create | Villager (Male) |
| 2:35 | Create | Villager (Male) |
| 2:35 | Create | Villager (Male) |
| 3:03 | Create | Villager (Male) |
| 3:03 | Create | Villager (Male) |
| 3:31 | Create | Villager (Male) |
| 3:31 | Create | Villager (Male) |
| 3:43 | Build | Mill |
| 3:49 | Build | House |
| 4:02 | Create | Villager (Male) |
| 4:15 | Create | Villager (Male) |
| 4:15 | Create | Villager (Male) |
| 4:17 | Create | Villager (Male) |
| 4:47 | Create | Villager (Male) |
| 4:47 | Create | Villager (Male) |
| 5:03 | Research | Loom |
| 5:05 | Create | Villager (Male) |
| 5:05 | Create | Villager (Male) |
| 5:30 | Create | Villager (Male) |
| 5:34 | Research | Loom |
| 6:12 | Create | Villager (Male) |
| 6:13 | Create | Villager (Male) |
| 6:31 | Build | Lumber Camp |
| 7:06 | Build | Palisade Wall |
| 7:08 | Build | Palisade Wall |
| 7:10 | Build | Palisade Wall |
| 7:11 | Build | Palisade Wall |
| 7:15 | Build | Palisade Wall |
| 7:17 | Build | Palisade Wall |
| 7:18 | Research | Feudal Age |
| 8:05 | Build | House |
| 8:21 | Build | Barracks |
| 9:13 | Create | Villager (Male) |
| 9:28 | Age | Feudal Age |
| 9:31 | Build | Archery Range |
| 9:33 | Research | Double-Bit Axe |
| 9:35 | Create | Villager (Male) |
| 9:46 | Build | Palisade Wall |
| 9:49 | Build | Palisade Wall |
| 9:52 | Build | Palisade Wall |
| 9:55 | Build | Palisade Wall |
| 10:01 | Create | Villager (Male) |
| 10:03 | Build | House |
| 10:13 | Create | Villager (Male) |
| 10:17 | Create | Archer |
| 10:28 | Create | Villager (Male) |
| 10:34 | Create | Archer |
| 10:35 | Create | Villager (Male) |
| 10:37 | Build | House |
| 10:50 | Create | Archer |
| 10:51 | Create | Villager (Male) |
| 10:53 | Build | House |
| 11:01 | Build | Farm |
| 11:02 | Build | Farm |
| 11:17 | Create | Villager (Male) |
| 11:30 | Create | Villager (Male) |
| 11:32 | Build | Palisade Wall |
| 11:40 | Build | Mill |
| 11:46 | Create | Villager (Male) |
| 11:49 | Build | Palisade Wall |
| 12:04 | Create | Villager (Male) |
| 12:07 | Build | Farm |
| 12:30 | Build | House |
| 12:53 | Create | Villager (Male) |
| 13:12 | Create | Villager (Male) |
| 13:14 | Build | Blacksmith |
| 13:16 | Create | Archer |
| 13:19 | Build | Farm |
| 13:26 | Build | Palisade Wall |
| 13:29 | Build | Palisade Wall |
| 13:38 | Build | Mining Camp |
| 13:48 | Create | Archer |
| 13:51 | Create | Villager (Male) |
| 14:02 | Create | Archer |
| 14:15 | Create | Villager (Male) |
| 14:32 | Build | Farm |
| 14:34 | Build | Farm |
| 14:35 | Create | Villager (Male) |
| 14:40 | Build | House |
| 14:44 | Create | Archer |
| 14:45 | Create | Villager (Male) |
| 14:57 | Build | Farm |
| 15:03 | Create | Villager (Male) |
| 15:27 | Build | Palisade Wall |
| 15:32 | Create | Archer |
| 15:32 | Create | Villager (Male) |
| 15:49 | Build | House |
| 16:22 | Build | Market |
| 16:26 | Create | Archer |
| 16:28 | Build | House |
| 16:35 | Build | Farm |
| 16:50 | Build | Palisade Wall |
| 17:12 | Research | Castle Age |
| 17:12 | Research | Castle Age |
| 17:35 | Create | Archer |
| 17:40 | Build | Stable |
| 17:48 | Research | Horse Collar |
| 17:58 | Build | House |
| 18:01 | Build | House |
| 18:07 | Create | Archer |
| 18:10 | Build | Farm |
| 18:47 | Create | Archer |
| 18:51 | Build | Farm |
| 18:53 | Build | Farm |
| 18:55 | Build | Farm |
| 19:32 | Create | Archer |
| 19:36 | Build | Farm |
| 19:37 | Build | Farm |
| 19:50 | Research | Scale Barding Armor |
| 20:04 | Age | Castle Age |
| 20:08 | Build | Siege Workshop |
| 20:09 | Create | Knight |
| 20:11 | Research | Fletching |
| 20:13 | Create | Villager (Male) |
| 20:15 | Create | Knight |
| 20:15 | Create | Knight |
| 20:19 | Research | Crossbowman (upgrade) |
| 20:20 | Create | Villager (Male) |
| 20:21 | Build | Farm |
| 20:32 | Create | Knight |
| 20:45 | Create | Villager (Male) |
| 20:58 | Create | Villager (Male) |
| 21:15 | Create | Villager (Male) |
| 21:18 | Build | Siege Workshop |
| 21:27 | Create | Villager (Male) |
| 21:37 | Create | Villager (Male) |
| 21:52 | Create | Mangonel |
| 21:57 | Build | House |
| 22:06 | Create | Villager (Male) |
| 22:26 | Build | Town Center |
| 22:42 | Research | Town Watch |
| 23:03 | Create | Scout Cavalry |
| 23:22 | Create | Villager (Male) |
| 23:24 | Create | Mangonel |
| 23:40 | Create | Villager (Male) |
| 23:45 | Create | Villager (Male) |
| 23:46 | Build | Farm |
| 23:52 | Build | Farm |
| 23:53 | Build | Farm |
Match timeline
| 2:44 | DS_StonePleaseAoE · first_building Barracks |
| 7:06 | hK | Keno_ · wall_segment Palisade Wall x1 |
| 7:08 | hK | Keno_ · wall_segment Palisade Wall x1 |
| 7:10 | hK | Keno_ · wall_segment Palisade Wall x1 |
| 7:11 | hK | Keno_ · wall_segment Palisade Wall x1 |
| 7:15 | hK | Keno_ · wall_segment Palisade Wall x1 |
| 7:17 | hK | Keno_ · wall_segment Palisade Wall x1 |
| 8:21 | hK | Keno_ · first_building Barracks |
| 9:28 | hK | Keno_ · age_up feudal |
| 9:31 | hK | Keno_ · first_building Archery Range |
| 9:46 | DS_StonePleaseAoE · wall_segment Palisade Wall x1 |
| 9:46 | hK | Keno_ · wall_segment Palisade Wall x1 |
| 9:49 | hK | Keno_ · wall_segment Palisade Wall x1 |
| 9:52 | hK | Keno_ · wall_segment Palisade Wall x1 |
| 9:55 | hK | Keno_ · wall_segment Palisade Wall x1 |
| 10:08 | DS_StonePleaseAoE · age_up feudal |
| 10:22 | DS_StonePleaseAoE · first_building Archery Range |
| 11:32 | hK | Keno_ · wall_segment Palisade Wall x9 |
| 11:49 | hK | Keno_ · wall_segment Palisade Wall x4 |
| 12:13 | DS_StonePleaseAoE · wall_segment Palisade Wall x13 |
| 13:26 | hK | Keno_ · wall_segment Palisade Wall x5 |
| 13:29 | hK | Keno_ · wall_segment Palisade Wall x6 |
| 14:46 | DS_StonePleaseAoE · wall_segment Palisade Wall x1 |
| 14:47 | DS_StonePleaseAoE · wall_segment Palisade Wall x1 |
| 15:27 | hK | Keno_ · wall_segment Palisade Wall x18 |
| 16:50 | hK | Keno_ · wall_segment Palisade Wall x7 |
| 16:58 | hK | Keno_ · first_market_sell 100 stone |
| 16:59 | hK | Keno_ · first_market_buy 100 food |
| 17:40 | hK | Keno_ · first_building Stable |
| 19:34 | DS_StonePleaseAoE · age_up castle |
| 20:04 | hK | Keno_ · age_up castle |
| 20:08 | hK | Keno_ · first_building Siege Workshop |
| 20:47 | DS_StonePleaseAoE · first_building Monastery |
| 22:31 | DS_StonePleaseAoE · first_building Siege Workshop |
| 25:55 | hK | Keno_ · first_building Monastery |
| 25:55 | DS_StonePleaseAoE · wall_segment Palisade Wall x1 |
| 30:52 | DS_StonePleaseAoE · first_market_sell 100 wood |
| 32:18 | DS_StonePleaseAoE · first_building Castle |
| 34:02 | DS_StonePleaseAoE · age_up imperial |
| 34:05 | hK | Keno_ · first_building Castle |
| 35:02 | hK | Keno_ · resign |
[ AI ANALYSIS · 1 CREDIT ]
What really happened in this match?
Wolo.gg analyzes every decision: build order, eco, micro, common mistakes by bracket. Personalized analysis on WhatsApp or Discord in 30 seconds.
Civ guide
Vikings
Perfil
Jugador #339835